 Dungeon Crawl Stone Soup version 0.16-a0-2461-ge8ce426 (webtiles) character file.

65 PolkaDot the Caller (level 3, 0/26 HPs)
             Began as a Vampire Summoner on Nov 19, 2014.
             Succumbed to poison (a potion of poison)
             ... on level 2 of the Dungeon.
             The game lasted 00:05:00 (1428 turns).

PolkaDot the Caller (Vampire Summoner)              Turns: 1428, Time: 00:05:00

Health: 0/26       AC:  3    Str:  7    XL:     3   Next: 94%
Magic:  3/6        EV: 16    Int: 18    God:
Gold:   37         SH:  0    Dex: 19    Spells: 3 memorised, 0 levels left

rFire  . . .     SeeInvis +     j - -3 spear (curse)
rCold  . . .     Clarity  .     e - +0 leather armour
rNeg   . . .     SustAb   .     (no shield)
rPois  .         Gourm    .     (no helmet)
rElec  .         Spirit   .     (no cloak)
rCorr  .         Warding  .     (no gloves)
rMut   .         Stasis   .     (no boots)
MR     .....                    (no amulet)
Stlth  ++++......               (no ring)
                                (no ring)

@: agile, lethally poisoned, flying (expiring), regenerating quickly, not
resistant to hostile enchantments, stealthy
A: bottle blood, fangs 3, see invisible, unbreathing
a: no special abilities


You were on level 2 of the Dungeon.
You were very full.

You visited 1 branch of the dungeon, and saw 2 of its levels.

You collected 37 gold pieces.

Inventory:

Hand weapons
 j - a cursed -3 spear (weapon)
Armour
 e - a +0 leather armour (worn)
Scrolls
 d - a scroll of remove curse {unknown}
 h - a scroll of enchant weapon
 k - a scroll of amnesia {unknown}
 l - a scroll of blinking {unknown}
Potions
 a - a potion of cure mutation {!q}
Books
 b - a book of Callings

   Spells                             Type                      Level
   *Summon Small Mammal               Summoning                    1
   *Call Imp                          Summoning                    2
   *Call Canine Familiar              Summoning                    3
   Summon Guardian Golem              Hexes/Summoning              4
   Summon Lightning Spire             Summoning/Air                4
   Summon Ice Beast                   Ice/Summoning                4


   Skills:
 + Level 1.5 Fighting
   Level 3.0 Short Blades
 * Level 0.6 Polearms
 - Level 2.1 Dodging
 - Level 3.0 Stealth
 - Level 2.0 Spellcasting
 - Level 4.0 Summonings


You couldn't memorise any spells.
You knew the following spells:

 Your Spells              Type           Power        Failure   Level  Hunger
a - Summon Small Mammal   Summ           ###.         3%          1    #......
d - Call Canine Familiar  Summ           ###.....     12%         3    ###....
s - Call Imp              Summ           ###.....     6%          2    ###....


Dungeon Overview and Level Annotations

Branches:
Dungeon (2/15)

Altars:
Dithmenos

Annotations:
D:2 Terence


Innate Abilities, Weirdness & Mutations

Your natural rate of healing is unusually fast.
You can bottle blood from corpses.
You have razor-sharp teeth.
You have supernaturally acute eyesight.
You can survive without breathing.


Message History

* * * LOW HITPOINT WARNING * * *
You feel sick.
* * * LOW HITPOINT WARNING * * *
You feel sick.
* * * LOW HITPOINT WARNING * * *
You feel sick.
* * * LOW HITPOINT WARNING * * *
You feel sick.
* * * LOW HITPOINT WARNING * * *
You feel sick.
You see here 23 arrows.
* * * LOW HITPOINT WARNING * * *
You feel sick.
* * * LOW HITPOINT WARNING * * *
You feel sick.
* * * LOW HITPOINT WARNING * * *
You feel sick. Terence says, "How do you enjoy it?"
You are starting to lose your buoyancy.
You die...

..###....# #...............
.......### ####......##.......
...#....#######................<.
....†.#.................###....>.
........#.##....####### #.......
.....####....#### #.......
......#####..## #.......
....#.........############....)..
.######.........@.@r.K.(.........
####....######.##########........
.....#### #....# #.##..... ######
###### #.####### ..# ####


You could see Terence, a kobold and a rat.

Vanquished Creatures
  Jessica (D:2)
  A worm (D:2)
  A giant gecko (D:2)
  An ooze (D:1)
  A giant cockroach (D:2)
  7 hobgoblins
  8 bats
  4 giant newts
  4 goblins
  3 kobolds
  6 rats
37 creatures vanquished.

Vanquished Creatures (collateral kills)
  A worm (D:2)
  2 goblins (D:1)
  2 hobgoblins
  A kobold (D:2)
6 creatures vanquished.

Vanquished Creatures (others)
  A hound (D:2)
  2 bats
  A quokka (D:1)
4 creatures vanquished.

Grand Total: 47 creatures vanquished

Notes
Turn   | Place    | Note
--------------------------------------------------------------
     0 | D:1      | PolkaDot, the Vampire Summoner, began the quest for the Orb.
     0 | D:1      | Reached XP level 1. HP: 13/13 MP: 3/3
   395 | D:1      | Reached skill level 1 in Short Blades
   468 | D:1      | Reached XP level 2. HP: 20/20 MP: 4/4
   661 | D:1      | Reached skill level 1 in Fighting
   855 | D:1      | Learned a level 2 spell: Call Imp
   974 | D:2      | Reached XP level 3. HP: 26/26 MP: 0/6
  1094 | D:2      | Noticed Jessica
  1104 | D:2      | Killed Jessica
  1384 | D:2      | Noticed Terence
  1385 | D:2      | Found a shadowy altar of Dithmenos.
  1390 | D:2      | Learned a level 3 spell: Call Canine Familiar
  1425 | D:2      | HP: 1/26 [poison (a potion of poison)]
  1428 | D:2      | Succumbed to poison (a potion of poison)

Action                   || total
-------------------------++-------
Melee: Short sword       ||    48
       Dagger            ||    75
       Spear             ||    68
 Cast: Summon Small Mamm ||    13
       Call Imp          ||     6
       Call Canine Famil ||     1
  Use: Scroll            ||     3
       Potion            ||     5
 Stab: Sleeping          ||     4
       Distracted        ||     1
  Eat: Corpse            ||    14
